 Dungeon Crawl Stone Soup version 0.29.1-15-g9cfb28693d (webtiles) character file.

Game seed: 17747495783128513915

832 virigoth the Poker (level 8, -4/70 HPs)
             Began as a Meteoran Cinder Acolyte on Feb 19, 2023.
             Was a Believer of Ignis.
             Slain by an ogre
             ... wielding a +0 giant club
              (21 damage)
             ... on level 5 of the Dungeon on Feb 25, 2023.
             The game lasted 00:09:47 (1860 turns).

virigoth the Poker (Meteoran Cinder Acolyte)        Turns: 1860, Time: 00:09:48

Health: -4/70      AC:  6    Str: 18    XL:     8   Next: 41%
Magic:  16/16      EV: 10    Int: 16    God:    Ignis [**....]
Gold:   107        SH:  0    Dex: 12    Spells: 17/17 levels left

rFire   + . .      SeeInvis .   U - +0 trident (vamp)
rCold   . . .      Faith    +   (no shield)
rNeg    . . .      Spirit   .   v - +0 ring mail
rPois   .          Reflect  .   (no helmet)
rElec   .          Harm     .   w - +0 cloak
rCorr   +          Rampage  .   (no gloves)
Will    +....                   (no boots)
Stlth   ..........              D - amulet "Ubeq" {Faith Regen+ rCorr Dex+3 Stlth-}
HPRegen 1.01/turn               (no ring)
MPRegen 0.15/turn               (no ring)

@: glowing
A: sense surroundings 1, otherworldly, glowing, explore regen
a: Renounce Religion, Fiery Armour, Foxfire Swarm, Rising Flame


You were on level 5 of the Dungeon.
You worshipped Ignis.
Ignis was pleased with you.
You visited 1 branch of the dungeon, and saw 5 of its levels.

You collected 107 gold pieces.

Inventory:

Hand Weapons
 a - a -1 spear of flaming
 t - a +1 short sword of electrocution
 U - a +0 vampiric trident (weapon)
Missiles
 x - 4 curare-tipped darts
Armour
 v - a +0 ring mail (worn)
 w - a +0 cloak (worn)
Magical Staves
 Z - a staff of conjuration
Jewellery
 A - an amulet of reflection
 D - the amulet "Ubeq" (around neck) {Faith Regen+ rCorr Dex+3 Stlth-}
   (You found it on level 4 of the Dungeon)

   [amulet of faith]

   It allows you to gain divine favour quickly.
   Dex:       It affects your dexterity (+3).
   Regen:     It increases your rate of health regeneration.
   rCorr:     It protects you from acid and corrosion.
   Stlth:     It makes you less stealthy.
Wands
 F - a wand of flame (11) (quivered)
 V - a wand of acid (11)
 X - a wand of mindburst (23)
Scrolls
 y - a scroll of butterflies {unknown}
 B - a scroll of enchant armour {unknown}
 E - a scroll of amnesia {unknown}
 G - 3 scrolls of poison {unknown}
 W - a scroll of noise {unknown}
 Y - a scroll of identify {unknown}
Potions
 u - a potion of degeneration {unknown}
 z - a potion of curing {unknown}
 C - a potion of attraction {unknown}


   Skills:
 + Level 5.7 Fighting
 + Level 6.3 Polearms
 + Level 5.2 Spellcasting
 + Level 6.3 Fire Magic


You had 17 spell levels left.
You didn't know any spells.
Your spell library contained the following spells:

 Spells                   Type           Power      Damage    Failure   Level
 Scorch                   Fire           48%        2d7       3%          2


Dungeon Overview and Level Annotations

Branches:
Dungeon (5/15) Zot: 1178
 Temple: D:4-7

Altars:
Ashenzari
Fedhas
Ru

Shops:
D:3 [


Innate Abilities, Weirdness & Mutations

You passively map a small area around you.
You are easily found by Zot.
You glow in the dark.
You regain HP and MP as you explore.


Message History

The howler monkey hits you.
You puncture the howler monkey!
You feel better.
You kill the howler monkey!
No target in view!
No target in view!
You see here a howler monkey corpse.
Found a stone staircase leading up.
You see here a howler monkey corpse.
There is an open door here.
You open the door.
There is an open door here.
An ogre comes into view. It is wielding a +0 giant club.
The ogre shouts!
You reach to attack!
You hit the ogre.
The ogre is lightly wounded.
You hit the ogre but do no damage.
The ogre is lightly wounded.
The ogre hits you with a +0 giant club.
You puncture the ogre!
The ogre is heavily wounded.
You hit the ogre.
You feel better.
The ogre is heavily wounded.
The ogre hits you with a +0 giant club!!
You hit the ogre.
The ogre is severely wounded.
The ogre hits you with a +0 giant club!
You hit the ogre.
You feel better.
The ogre is almost dead.
You barely miss the ogre.
The ogre is almost dead.
The ogre hits you with a +0 giant club!!
* * * LOW HITPOINT WARNING * * *
You are too injured to fight recklessly!
You are too injured to fight recklessly!
Activating: Foxfire Swarm
Press: ? - help, Dir - look around, f - activate Look: an ogre, wielding a +0 giant club (almost dead) Flames leap up around you!
The ogre hits you with a +0 giant club!!
You die...

....#.##...#
#........# ####
#####.##...#
#........#
......##...#
#........#
...#####...#
#..).....# ...#
#...# ##'#######
<..# * , #.# ...# *
, #v# ...#
#######v#######
...#
.....vvpvv....#
####
#.#########O#####.#
######.... . *vv#
........##. , ..##
* ##........, ,###
, , , ...#....# * *
* * ........# ,, ,
, * ........# , * *
........# , *


You could see an ogre (ally target).

Vanquished Creatures
  Grinder (D:5)
  A water moccasin (D:5)
  An ogre (D:4)
  A howler monkey (D:5)
  2 hounds (D:4)
  An orc priest (D:4)
  3 iguanas (D:5)
  4 orc wizards
  4 gnolls (D:3)
  3 adders
  An ufetubus (D:4)
  2 worms
  13 orcs
  3 ball pythons (D:4)
  4 endoplasms
  A giant cockroach (D:4)
  9 goblins
  2 hobgoblins
  4 kobolds
  A quokka (D:3)
  2 frilled lizards (D:3)
  3 rats
66 creatures vanquished.

Vanquished Creatures (others)
  13 foxfires (D:4)
13 creatures vanquished.

Grand Total: 79 creatures vanquished

Notes
Turn   | Place    | Note
-------+----------+-------------------------------------------
     0 | D:1      | virigoth the Meteoran Cinder Acolyte began the quest for
                  | the Orb.
     0 | D:1      | Reached XP level 1. HP: 19/19 MP: 3/3
    23 | D:2      | Reached XP level 2. HP: 22/26 MP: 3/5
    77 | D:2      | Reached XP level 3. HP: 31/31 MP: 6/6
   103 | D:3      | Found a broken altar of Ashenzari.
   274 | D:3      | Found Fioc's Antique Armour Emporium.
   489 | D:3      | Reached XP level 4. HP: 38/40 MP: 8/8
   609 | D:4      | Reached XP level 5. HP: 25/46 MP: 8/10
   631 | D:4      | Reached XP level 6. HP: 15/53 MP: 11/11
   654 | D:4      | Found a sacrificial altar of Ru.
   760 | D:4      | Identified the amulet "Ubeq" {Faith Regen+ rCorr Dex+3
                  | Stlth-}
   801 | D:4      | Noticed an ogre
   809 | D:4      | Killed an ogre
   810 | D:4      | Reached skill level 5 in Polearms
   810 | D:4      | Reached skill level 5 in Fire Magic
   832 | D:4      | Found a blossoming altar of Fedhas.
   866 | D:4      | Reached XP level 7. HP: 60/60 MP: 13/13
  1227 | D:5      | Entered Level 5 of the Dungeon
  1311 | D:5      | Reached skill level 5 in Fighting
  1323 | D:5      | Upgraded the game from 0.29.1-14-g9c671dbff4 to
                  | 0.29.1-15-g9cfb28693d
  1364 | D:5      | Noticed Grinder
  1390 | D:5      | Killed Grinder
  1391 | D:5      | Reached XP level 8. HP: 59/68 MP: 14/16
  1626 | D:5      | Reached skill level 5 in Spellcasting
  1860 | D:5      | Slain by an ogre

Illustrated notes

Levels and vault maps discovered:
D:1:      elethiomel_arrival_shortcut, layout_basic,
          shapermc_ecumenical_altar_pompeii, minmay_pentomino_p2
D:2:      layout_rooms, serial_shops, nicolae_lakefront_shop
D:3:      layout_basic, nicolae_ashenzari_skybound, serial_shops,
          nicolae_shop_hallway_stairs
D:4:      layout_basic, mainiacjoe_overflow_six_doors_small,
          mainiacjoe_overflow_cross_hatched
D:5:      layout_basic, uniq_grinder

Skill      XL: |  1  2  3  4  5  6  7  8 |
---------------+-------------------------+-----
Spellcasting   | 2 3 4 5 |  5.2
Fire Magic     | 4 5 6 |  6.3
Polearms       | 4 5 6 |  6.3
Fighting       | 4 5 |  5.7

Action                   |  1- 3 |  4- 6 |  7- 9 || total
-------------------------+-------+-------+-------++-------
Melee: Spear             |    50 |    67 |   132 ||   249
       Short sword       |     4 |       |       ||     4
       Punch             |       |     1 |     3 ||     4
       Trident           |       |       |    16 ||    16
Throw: Dart              |       |     8 |       ||     8
Invok: Fiery Armour      |     1 |     1 |     1 ||     3
       Foxfire Swarm     |       |     2 |     1 ||     3
Armor: Robe              |     4 |       |       ||     4
       Ring mail         |     6 |    24 |    49 ||    79
Dodge: Dodged            |    10 |    17 |    47 ||    74
Block: Other             |       |     1 |       ||     1
